Map: Ruínas de Seras

Players

Rayback - Winner!

  • Race: Terran Terran
  • League: Gold

Magno

  • Race: Protoss Protoss
  • League: Silver

VOD

Have the link to the VOD?

Description

Time

  • Played on: Nov. 23, 2015, 9:53 a.m.
  • Length: 14:11
Show
View Real Time Build Order
Export as new Build Order

Rayback Terran - Winner!

Build Orders:  

Get SALT Encoding   

  12  0:01  SCV  
  13  0:13  SCV  
  14  0:20  Supply Depot  
  14  0:25  SCV  
  15  0:32  Refinery  
  15  0:42  SCV  
  16  0:50  Barracks  
  16  0:57  SCV  
  17  1:09  SCV  
  18  1:17  Refinery  
  18  1:21  SCV  
  19  1:33  SCV  
  20  1:41  Supply Depot  
  20  1:45  Orbital Command  
  20  1:56  Factory  
  20  1:57  Barracks Reactor  
  20  2:07  Supply Depot  
  20  2:19  SCV  
  21  2:31  SCV  
  21  2:33  Supply Depot  
  22  2:44  SCV  
  23  2:47  Widow Mine  
  23  2:48  Widow Mine  
  27  2:56  SCV  
  27  2:58  Supply Depot  
  28  3:08  SCV  
  29  3:17  Hellion x2  
  33  3:20  SCV  
  33  3:24  Starport  
  33  3:25  Barracks Reactor  
  34  3:32  SCV  
  35  3:44  SCV  
  36  3:56  SCV  
  37  4:08  SCV  
  36  4:12  Hellion x2  
  40  4:18  Liberator  
  40  4:20  Liberator  
  40  4:31  Command Center, SCV  
  40  4:33  Hellion x2  
  51  4:43  SCV  
  52  4:54  Hellion  
  50  5:54  Liberator x2  
  50  6:08  Supply Depot  
  50  6:13  Hellion x2  
  60  6:31  Supply Depot  
  60  6:34  Hellion  
  60  6:35  Hellion  
  60  6:37  Liberator  
  64  6:53  Supply Depot  
  64  6:56  Hellion  
  65  7:17  Supply Depot  
  61  7:42  Liberator  
  61  7:43  Liberator  
  61  7:44  Widow Mine x2  
  61  7:46  SCV  
  61  7:48  SCV  
  64  7:58  SCV  
  64  7:59  Supply Depot  
  64  8:00  SCV  
  71  8:08  Armory  
  71  8:10  SCV  
  71  8:11  Armory  
  71  8:12  Armory, Widow Mine, SCV  
  73  8:13  Widow Mine  
  77  8:22  SCV  
  77  8:23  Supply Depot  
  77  8:24  SCV  
  77  8:25  Engineering Bay, Liberator x2  
  79  8:28  Refinery  
  79  8:30  Refinery  
  79  8:34  SCV  
  79  8:36  SCV  
  81  8:41  Widow Mine x2  
  81  8:45  Supply Depot  
  81  8:47  SCV  
  92  8:48  SCV  
  93  8:57  Missile Turret  
  93  8:59  SCV  
  93  9:00  SCV  
  95  9:08  Supply Depot  
  93  9:10  Widow Mine x2  
  93  9:11  SCV  
  93  9:16  Missile Turret  
  89  9:39  Missile Turret  
  89  9:53  Orbital Command  
  91  10:00  Hellion x2  
  91  10:01  Missile Turret  
  95  10:21  Command Center, Hellion x2  
  94  10:42  Hellion  
  94  10:43  Hellion  
  98  11:04  Hellion x2  
  94  11:26  SCV  
  94  11:27  SCV  
  96  11:39  SCV x2  
  89  11:47  Hellion  
  89  11:51  SCV x2  
  77  12:08  Hellion  
  73  12:30  Hellion x2  
  77  12:52  Hellion x2  
  72  13:13  Hellion x2  
  75  13:34  Widow Mine x2  
Show
View Real Time Build Order
Export as new Build Order

Magno Protoss 

Build Orders: 1 Gate Expand 

Get SALT Encoding   

  12  0:02  Probe (Chrono Boost)  
  13  0:14  Probe (Chrono Boost)  
  13  0:21  Pylon  
  14  0:25  Probe (Chrono Boost)  
  15  0:39  Gateway  
  15  0:41  Probe (Chrono Boost)  
  16  0:46  Assimilator  
  16  0:52  Probe (Chrono Boost)  
  17  1:02  Probe (Chrono Boost)  
  18  1:13  Probe (Chrono Boost)  
  19  1:23  Probe (Chrono Boost)  
  20  1:31  Nexus  
  20  1:38  Probe (Chrono Boost)  
  21  1:53  Cybernetics Core  
  21  1:54  Pylon  
  21  1:56  Probe (Chrono Boost)  
  21  2:01  Assimilator  
  22  2:27  Probe (Chrono Boost)  
  23  2:31  Warp Gate (Chrono Boost)  
  23  2:33  Adept (Chrono Boost)  
  25  2:38  Mothership Core (Chrono Boost)  
  27  2:52  Forge  
  27  2:53  Robotics Facility  
  27  2:58  Probe  
  27  3:00  Adept (Chrono Boost)  
  30  3:06  Probe  
  30  3:10  Probe  
  32  3:22  Gateway  
  32  3:24  Probe  
  33  3:29  Probe  
  34  3:36  Probe  
  34  3:37  Protoss Ground Armor Level 1 (Chrono Boost)  
  34  3:39  Probe  
  36  3:45  Adept (Chrono Boost)  
  38  3:49  Warp Prism  
  31  4:34  Stalker x2  
  39  4:44  Observer (Chrono Boost)  
  37  4:45  Probe  
  37  4:46  Probe  
  38  4:56  Probe  
  38  4:57  Probe  
  39  5:05  Gateway x2  
  39  5:07  Probe  
  39  5:10  Pylon  
  39  5:12  Pylon  
  38  5:21  Observer (Chrono Boost)  
  39  5:29  Probe  
  39  5:30  Probe  
  41  5:40  Probe  
  42  5:42  Probe  
  43  5:51  Immortal (Chrono Boost)  
  45  5:59  Twilight Council, Gateway  
  45  6:00  Gateway  
  45  6:06  Adept x2  
  49  6:17  Pylon  
  49  6:22  Pylon  
  49  6:27  Assimilator  
  49  6:28  Adept x3  
  49  6:29  Adept  
  57  6:33  Probe  
  57  6:37  Resonating Glaives  
  58  6:40  Protoss Ground Armor Level 2 (Chrono Boost)  
  58  6:51  Warp Prism  
  45  7:13  Stalker x3  
  39  7:39  Stalker  
  41  7:48  Stalker  
  43  7:57  Probe  
  44  8:05  Sentry  
  44  8:08  Sentry  
  48  8:31  Sentry x3  
  24  9:39  Adept x2  
  24  9:41  Adept x3  
  34  9:57  Probe  
  34  9:58  Probe  
  36  10:08  Observer  
  36  10:11  Probe  
  29  10:51  Adept x4  
  37  11:24  Adept x3  
  27  12:22  Adept x4  
  31  12:23  Adept  
  19  13:24  Adept x3  
  20  13:46  Adept  
Tags
 
Add a new tag
Caveats
  • Supply blocks, unpowered buildings, or Contaminate may cause inaccurate times.
  • Supply counts are checked every 10 seconds.